Map: Distant Plane

Players

Loken - Winner!

  • Race: Zerg Zerg
  • League: Platinum
  • Spawn Location: 5:00

dallaskuken - Winner!

  • Race: Protoss Protoss
  • League: Platinum
  • Spawn Location: 5:00

Cheater

  • Race: Zerg Zerg
  • League: Gold
  • Spawn Location: 7:00

Vaako

  • Race: Terran Terran
  • League: Silver
  • Spawn Location: 7:00

VOD

Have the link to the VOD?

Description

Time

  • Played on: March 28, 2017, 6:01 p.m.
  • Length: 8:19
Show
View Real Time Build Order
Export as new Build Order

Loken Zerg - Winner!

Build Orders: Hatch First 

Get SALT Encoding   

  12  0:01  Drone  
  13  0:12  Drone  
  14  0:18  Overlord  
  14  0:37  Drone  
  14  0:38  Drone x2  
  17  0:59  Hatchery, Drone  
  17  1:01  Drone  
  18  1:22  Spawning Pool  
  18  1:25  Drone x2  
  19  1:28  Extractor  
  18  1:41  Drone  
  18  1:43  Drone  
  20  2:04  Overlord  
  20  2:09  Queen  
  20  2:10  Queen  
  24  2:17  Drone x3  
  27  2:31  Metabolic Boost  
  27  2:34  Zergling x4  
  27  2:35  Zergling x2  
  27  2:36  Zergling x2  
  31  2:57  Zergling x6  
  34  3:09  Drone x2  
  34  3:12  Overlord  
  36  3:24  Lair  
  36  3:27  Overlord x2  
  36  3:31  Extractor  
  35  3:40  Spine Crawler  
  34  3:44  Spine Crawler, Zergling x12  
  39  3:56  Zergling x12  
  45  4:03  Drone  
  46  4:39  Zergling x2  
  46  4:40  Zergling x18  
  56  4:48  Spire  
  38  5:28  Zergling x4  
  39  5:29  Zergling x18  
  38  6:24  Drone  
  38  6:25  Drone x8  
  35  6:56  Mutalisk  
  35  6:57  Mutalisk x5  
  35  7:01  Extractor  
  46  7:04  Extractor  
  45  7:23  Mutalisk x4  
  50  7:42  Drone x7  
  50  7:43  Drone  
Show
View Real Time Build Order
Export as new Build Order

dallaskuken Protoss - Winner!

Build Orders:  

Get SALT Encoding   

  12  0:01  Probe (Chrono Boost)  
  13  0:14  Pylon  
  13  0:28  Probe (Chrono Boost)  
  14  0:36  Forge  
  15  0:50  Probe (Chrono Boost)  
  15  0:54  Gateway  
  15  1:00  Probe (Chrono Boost)  
  16  1:11  Probe (Chrono Boost)  
  17  1:32  Probe (Chrono Boost)  
  18  1:34  Assimilator  
  18  1:37  Assimilator  
  18  1:53  Cybernetics Core  
  18  2:01  Probe (Chrono Boost)  
  19  2:12  Probe (Chrono Boost)  
  20  2:20  Pylon  
  21  2:22  Probe (Chrono Boost)  
  21  2:33  Probe (Chrono Boost)  
  22  2:39  Stargate  
  22  2:43  Probe (Chrono Boost)  
  23  2:54  Probe (Chrono Boost)  
  24  3:05  Probe (Chrono Boost)  
  24  3:28  Fleet Beacon  
  24  3:32  Nexus  
  24  3:33  Void Ray  
  28  3:39  Photon Cannon  
  28  3:45  Pylon  
  28  4:16  Tempest  
  34  4:22  Assimilator  
  35  4:24  Assimilator, Probe (Chrono Boost)  
  35  4:35  Probe (Chrono Boost)  
  36  4:45  Probe (Chrono Boost)  
  36  4:56  Probe (Chrono Boost)  
  36  5:06  Probe (Chrono Boost)  
  36  5:17  Probe (Chrono Boost)  
  36  5:19  Probe (Chrono Boost)  
  38  5:28  Probe (Chrono Boost)  
  39  5:30  Probe (Chrono Boost)  
  39  5:34  Carrier  
  46  5:38  Probe (Chrono Boost)  
  46  5:40  Probe (Chrono Boost)  
  48  5:51  Probe (Chrono Boost)  
  45  7:00  Tempest  
  49  8:01  Stargate  
  49  8:07  Stargate  
Show
View Real Time Build Order
Export as new Build Order

Cheater Zerg 

Build Orders: Hatch First 

Get SALT Encoding   

  12  0:01  Drone  
  13  0:13  Overlord  
  13  0:18  Drone  
  14  0:31  Drone x2  
  16  0:42  Drone  
  17  1:05  Hatchery  
  17  1:09  Drone x3  
  19  1:12  Extractor  
  18  1:23  Drone  
  19  1:29  Spawning Pool  
  18  1:34  Drone  
  19  1:42  Drone  
  20  2:08  Overlord  
  20  2:09  Drone  
  21  2:15  Metabolic Boost  
  21  2:16  Queen  
  21  2:19  Queen  
  21  2:20  Drone  
  26  2:23  Zergling x2  
  27  2:48  Roach Warren  
  27  2:50  Evolution Chamber  
  24  3:17  Drone x3  
  27  3:22  Zergling x6  
  27  3:26  Zerg Missile Weapons Level 1  
  30  3:30  Overlord  
  32  3:34  Roach x2  
  32  3:35  Roach  
  36  3:43  Overlord  
  36  3:53  Roach x3  
  42  3:58  Spore Crawler  
  41  4:05  Roach x2  
  45  4:13  Roach  
  46  4:35  Roach  
  46  4:36  Roach  
  46  4:37  Zergling x2  
  51  4:38  Overlord x2  
  51  4:42  Overlord  
  48  5:06  Roach  
  42  5:10  Zergling x4  
  33  5:24  Spore Crawler  
  33  5:27  Ravager  
  29  5:34  Spine Crawler  
  27  5:39  Roach  
  27  5:40  Roach x2, Zergling x2  
  27  5:41  Zergling x6  
  37  5:50  Spine Crawler  
  37  5:52  Roach  
  37  6:13  Roach  
  37  6:14  Roach x2  
  37  6:17  Spore Crawler  
  30  6:52  Drone x2  
  32  7:06  Queen  
  34  7:10  Spore Crawler  
  30  7:33  Extractor  
Show
View Real Time Build Order
Export as new Build Order

Vaako Terran 

Build Orders: Cyclone Opening 

Get SALT Encoding   

  12  0:01  SCV  
  13  0:13  SCV  
  14  0:21  Supply Depot  
  14  0:25  SCV  
  15  0:43  SCV  
  15  0:44  Barracks  
  15  0:47  Refinery  
  16  0:55  SCV  
  17  0:58  Refinery  
  17  1:07  SCV  
  18  1:19  SCV  
  19  1:32  Orbital Command  
  19  1:37  Factory  
  19  1:43  Marine  
  20  1:55  Factory  
  20  2:01  SCV  
  20  2:04  Supply Depot  
  21  2:19  Marine  
  21  2:21  SCV  
  23  2:24  Factory Reactor  
  23  2:27  Supply Depot  
  23  2:33  SCV  
  24  2:37  Marine  
  24  2:40  Cyclone  
  28  3:02  Cyclone x2  
  34  3:10  Marine  
  35  3:23  Supply Depot  
  35  3:27  Cyclone  
  35  3:28  Marine  
  39  3:46  Cyclone  
  42  4:02  Command Center  
  45  4:10  Cyclone  
  45  4:15  SCV  
  46  4:27  SCV  
  47  4:54  Supply Depot  
  45  5:01  Cyclone  
  27  5:16  Marine  
  27  5:19  Orbital Command  
  28  5:27  Factory Tech Lab  
  28  5:32  Factory  
  28  5:34  Marine  
  29  5:39  Factory  
  28  5:43  Factory  
  28  5:45  Factory  
  26  5:52  Marine  
  24  6:10  Marine  
  24  6:17  Hellion x2  
  27  6:20  Hellion  
  29  6:27  Marine  
  30  6:38  Hellion x2  
  34  6:46  Reaper  
  35  6:51  Factory Tech Lab x3  
  35  6:52  Factory Tech Lab  
  35  6:53  Widow Mine  
  36  6:59  Widow Mine x2  
  35  7:21  Widow Mine  
  35  7:24  Orbital Command  
  30  8:08  Refinery  
  30  8:12  Refinery  
Tags
 
Add a new tag
Caveats
  • Supply blocks, unpowered buildings, or Contaminate may cause inaccurate times.
  • Supply counts are checked every 10 seconds.